 Dungeon Sprint DCSS version 0.31-a0-37-g98a128e1d9 (webtiles) character file.

Game seed: 3472083415652539186

9359 sircluck the Brawler (level 11, -2/120 HPs)
             Began as a Troll Berserker on May 15, 2023.
             Was the Champion of Trog.
             Slain by a demonic crawler (3 damage)
             ... in the Dungeon (Sprint I: "Red Sonja").
             The game lasted 00:04:02 (968 turns).

sircluck the Brawler (Troll Berserker)               Turns: 968, Time: 00:04:04

Health: -2/120     AC:  7    Str: 31    XL:     11   Next: 22%
Magic:  10/10      EV: 12    Int:  3    God:    Trog [******]
Gold:   1299       SH:  0    Dex:  7    Spells: 10/10 levels left

rFire   . .          .
                       - Unarmed
rCold   . . .        (no shield)
rNeg    . . .        n - +0 troll leather armour
rPois   .            (helmet restricted)
rElec   .            (no cloak)
rCorr   .            (gloves unavailable)
SInv    .            (boots unavailable)
Will    .....        (no amulet)
Stlth   +            (no ring)
HPRegen 2.00/turn    (no ring)
MPRegen 0.12/turn

%: no teleportation
@: unable to read
A: large, unfitting armour, claws 3, regeneration 1, shaggy fur 1, tough skin 1,
clumsy 1, inability to read after injury 1
a: Renounce Religion, Berserk, Trog's Hand, Brothers in Arms


You were in the Dungeon.
You worshipped Trog.
Trog was exalted by your worship.
You visited 1 branch You collected 1509 gold pieces.
You spent 210 gold pieces at shops.

Inventory:

Missiles
 i - 13 stones (quivered)
 k - 5 curare-tipped darts
Armour
 a - a +0 animal skin
 n - a +0 troll leather armour (worn)
Wands
 h - a wand of quicksilver (6)
 s - a wand of iceblast (5)
Scrolls
 g - a scroll of blinking
 l - 2 scrolls of identify {unknown}
 o - a scroll of vulnerability {unknown}
 p - a scroll of enchant weapon {unknown}
 q - a scroll of butterflies {unknown}
 r - a scroll of immolation {unknown}
Potions
 b - 3 potions of curing
 c - a potion of heal wounds
 d - a potion of haste
 e - 2 potions of magic
 f - a potion of berserk rage
 j - a potion of might {unknown}
 m - 2 potions of resistance {unknown}


   Skills:
 + Level 11.4 Fighting
 * Level 7.1 Armour
 + Level 11.7 Dodging
 - Level 2.0 Stealth
 + Level 18.5 Unarmed Combat
 + Level 1.0 Evocations


You had 10 spell levels left.
You didn't know any spells.
Your spell library was empty.

Dungeon Overview and Level Annotations

Branches:
Dungeon (1/1)

Altars:
Cheibriados
Dithmenos
Elyvilon
Fedhas
Gozag
Hepliaklqana
Kikubaaqudgha
Makhleb
Nemelex Xobeh
Okawaru
Qazlal
Ru
Sif Muna
Trog
Uskayaw
Vehumet
Wu Jian
Xom
Yredelemnul
Zin
The Shining One
Jiyva
Lugonu

Shops:
D :([[**(([:(![[[=![![*


Innate Abilities, Weirdness & Mutations

You are too large for most types of armour.
You have claws for hands.
Your natural rate of healing is unusually fast.
You are covered in fur. (AC +1)
You have tough skin. (AC +1)
You are clumsy. (Dex -2)
You occasionally lose the ability to read scrolls when taking damage.


Message History

There is an open door, spattered with blood here.
There is an open door here.
There is an open door here.
Things that are here:
a +0 dagger; a +0 robe You open the door. 4 demonic crawlers come into view.
The demonic crawler gives a hideous shriek! x4
You eviscerate the demonic crawler!!!
The demonic crawler is severely wounded.
The demonic crawler closely misses you. x2
The demonic crawler barely misses you.
You claw the demonic crawler!
The demonic crawler is almost dead.
The demonic crawler hits you!
The demonic crawler barely misses you. x2
You mangle the demonic crawler!!
You kill the demonic crawler!
Trog accepts your kill.
Unknown command.
You barely miss the demonic crawler. The demonic crawler hits you.
The demonic crawler hits you! The demonic crawler hits you.
You mangle the demonic crawler!!
The demonic crawler is heavily wounded.
The demonic crawler hits you. The demonic crawler hits you!
The demonic crawler hits you. The demonic crawler hits you!
The demonic crawler misses you. The demonic crawler hits you.
You scratch the demonic crawler but do no damage.
The demonic crawler is moderately wounded.
The demonic crawler hits you!
You feel threatened and lose the ability to read scrolls!
The demonic crawler misses you. The demonic crawler hits you!
* * * LOW HITPOINT WARNING * * *
You mangle the demonic crawler!!
The demonic crawler is severely wounded.
The demonic crawler barely misses you. The demonic crawler hits you!
* * * LOW HITPOINT WARNING * * *
The demonic crawler hits you!
* * * LOW HITPOINT WARNING * * *
The demonic crawler hits you.
You die...

##################
.#..'..#__#..'.).#
.').#..'..'..#).s##+#
'#####'#__####..@ss.#
.#...#.####§:#####..+
##..##§#§§§.§#..# ##
_##'#_§§§§§§§§..#
..'..._#§~)..#..#
_##_.#'##'#####'###
_###'#.#§[..###.).#
####.####'###.###.#
..'...'.....'.∩##.#


You could see 3 demonic crawlers.

Vanquished Creatures
  2 centaur warriors (D)
  Sonja (D)
  A deep troll (D)
  An oklob plant (D)
  A shining eye (D)
  A demonic crawler (D)
  2 kobold demonologists (D)
  2 unseen horrors (D)
  A hornet (D)
  A slime creature (D)
  Sigmund (D)
  A yak (D)
  2 redbacks (D)
  2 floating eyes (D)
  An ogre (D)
  7 necrophages (D)
  8 jellies (D)
  Ijyb (D)
  A ballistomycete spore (D)
37 creatures vanquished.

Vanquished Creatures (collateral kills)
  7 shining eyes (D)
  4 floating eyes (D)
11 creatures vanquished.

Vanquished Creatures (others)
  A ballistomycete spore (D)
1 creature vanquished.

Grand Total: 49 creatures vanquished

Notes
Turn   | Place    | Note
-------+----------+-------------------------------------------
     0 | D        | sircluck the Troll Berserker began the quest for the Orb.
     0 | D        | Reached XP level 1. HP: 22/22 MP: 0/0
     1 | D        | Noticed Ijyb
    18 | D        | Killed Ijyb
    19 | D        | Reached skill level 4 in Unarmed Combat
    19 | D        | Reached XP level 2. HP: 6/32 MP: 1/1
    46 | D        | Noticed an ogre
    50 | D        | Killed an ogre
    51 | D        | Reached skill level 5 in Dodging
    51 | D        | Reached skill level 6 in Unarmed Combat
    51 | D        | Reached XP level 3. HP: 36/41 MP: 2/2
    51 | D        | Reached XP level 4. HP: 44/49 MP: 3/3
    67 | D        | Noticed Sigmund
    71 | D        | Killed Sigmund
    71 | D        | Reached ** piety under Trog
    72 | D        | Reached skill level 8 in Unarmed Combat
    72 | D        | Reached XP level 5. HP: 61/61 MP: 4/4
    72 | D        | Reached XP level 6. HP: 68/68 MP: 5/5
   128 | D        | Found an ornate altar of the Wu Jian Council.
   128 | D        | Found a shimmering blue altar of Sif Muna.
   130 | D        | Found a radiant altar of Vehumet.
   166 | D        | Found Pieproapn's Armour Emporium.
   166 | D        | Found an ancient bone altar of Kikubaaqudgha.
   166 | D        | Found a hazy altar of Hepliaklqana.
   166 | D        | Found a stormy altar of Qazlal.
   166 | D        | Found a hide-covered altar of Uskayaw.
   166 | D        | Found a blossoming altar of Fedhas.
   166 | D        | Found a bloodstained altar of Trog.
   166 | D        | Found an iron altar of Okawaru.
   166 | D        | Found a basalt altar of Yredelemnul.
   166 | D        | Found a glowing golden altar of the Shining One.
   166 | D        | Found a snail-covered altar of Cheibriados.
   166 | D        | Found a sacrificial altar of Ru.
   166 | D        | Found a glowing silver altar of Zin.
   166 | D        | Found a shadowy altar of Dithmenos.
   166 | D        | Found a white marble altar of Elyvilon.
   166 | D        | Noticed a yak
   167 | D        | Found an opulent altar of Gozag.
   177 | D        | Killed a yak
   178 | D        | Reached skill level 9 in Unarmed Combat
   178 | D        | Found a sparkling altar of Nemelex Xobeh.
   201 | D        | Found a burning altar of Makhleb.
   201 | D        | Found a viscous altar of Jiyva.
   201 | D        | Found a shimmering altar of Xom.
   201 | D        | Found a corrupted altar of Lugonu.
   201 | D        | Noticed a slime creature
   211 | D        | Killed a slime creature
   211 | D        | Reached *** piety under Trog
   212 | D        | Reached skill level 10 in Unarmed Combat
   212 | D        | Reached XP level 7. HP: 33/78 MP: 6/6
   265 | D        | Noticed a kobold demonologist
   265 | D        | Noticed a kobold demonologist
   268 | D        | Reached skill level 1 in Stealth
   275 | D        | Killed a kobold demonologist
   276 | D        | Reached skill level 11 in Unarmed Combat
   277 | D        | Killed a kobold demonologist
   277 | D        | Reached **** piety under Trog
   278 | D        | Reached skill level 12 in Unarmed Combat
   278 | D        | Reached XP level 8. HP: 89/89 MP: 7/7
   311 | D        | Noticed Sonja
   318 | D        | Killed Sonja
   319 | D        | Reached skill level 13 in Unarmed Combat
   413 | D        | Noticed a deep troll
   419 | D        | Killed a deep troll
   420 | D        | Reached XP level 9. HP: 101/101 MP: 8/8
   452 | D        | Bought a +0 troll leather armour for 210 gold pieces
   471 | D        | Noticed a centaur warrior
   471 | D        | Noticed a centaur warrior
   476 | D        | Killed a centaur warrior
   477 | D        | Reached skill level 10 in Fighting
   477 | D        | Reached skill level 10 in Dodging
   477 | D        | Reached skill level 14 in Unarmed Combat
   485 | D        | Killed a centaur warrior
   500 | D        | Reached ***** piety under Trog
   501 | D        | Reached skill level 15 in Unarmed Combat
   512 | D        | Noticed an oklob plant
   518 | D        | Killed an oklob plant
   519 | D        | Reached XP level 10. HP: 97/111 MP: 9/9
   528 | D        | Received a gift from Trog
   529 | D        | Reached skill level 1 in Evocations
   614 | D        | Reached skill level 16 in Unarmed Combat
   679 | D        | Received a gift from Trog
   680 | D        | Reached skill level 5 in Armour
   714 | D        | Paralysed by a floating eye for 3 turns
   737 | D        | Reached ****** piety under Trog
   737 | D        | Received a gift from Trog
   761 | D        | Identified the +0 mace of Destruction {heavy, rF+ Stlth+}
   773 | D        | Found Eprared's Antique Weapon Shoppe.
   773 | D        | Found Qoipp's Antique Weapon Shop.
   773 | D        | Found Miughuo's Antique Armour Boutique.
   775 | D        | Found Daroro's Book Emporium.
   775 | D        | Found Abehaid's Weapon Shop.
   775 | D        | Found Ixkonga's Distillery.
   775 | D        | Found Xariosio's Antique Armour Boutique.
   775 | D        | Found Coaphya's Antique Armour Emporium.
   775 | D        | Found Goja's Armour Shop.
   775 | D        | Found Ciluaff's Jewellery Shoppe.
   777 | D        | Found Uwoleg's Distillery.
   783 | D        | Found Umuas's Distillery.
   783 | D        | Found Coj Ogg's Antique Armour Boutique.
   784 | D        | Found Tyerph's General Store.
   825 | D        | Found Opalich's Armour Emporium.
   846 | D        | Found Peits's Book Boutique.
   856 | D        | Noticed a shining eye
   856 | D        | Noticed a shining eye
   856 | D        | Noticed a shining eye
   856 | D        | Noticed a shining eye
   856 | D        | Noticed a shining eye
   856 | D        | Noticed a shining eye
   856 | D        | Gained mutation: You occasionally lose the ability to read
                  | scrolls when taking damage. [a shining eye]
   862 | D        | Killed a shining eye
   865 | D        | Killed a shining eye
   866 | D        | Reached skill level 17 in Unarmed Combat
   867 | D        | Killed a shining eye
   867 | D        | Killed a shining eye
   867 | D        | Received a gift from Trog
   869 | D        | Killed a shining eye
   870 | D        | Reached XP level 11. HP: 120/120 MP: 10/10
   879 | D        | Killed a shining eye
   880 | D        | Reached skill level 18 in Unarmed Combat
   881 | D        | Noticed a shining eye
   881 | D        | Noticed a shining eye
   882 | D        | Gained mutation: You are clumsy. (Dex -2) [a shining eye]
   883 | D        | Killed a shining eye
   885 | D        | Paralysed by a floating eye for 3 turns
   894 | D        | Killed a shining eye
   900 | D        | Found Zuvi Poa's Antique Weapon Shoppe.
   900 | D        | Found Tuelaem's General Store.
   900 | D        | Found Qotror's Armour Emporium.
   900 | D        | Found Sotiasch's General Store.
   968 | D        | HP: 1/120 [demonic crawler (13)]
   968 | D        | Slain by a demonic crawler

Illustrated notes

Levels and vault maps discovered:
D:        dungeon_sprint_1 [red_sonja_temple_1, red_sonja_temple_small_1]

Skill      XL: |  1  2  3  4  5  6  7  8  9 10 11 |
---------------+----------------------------------+-----
Fighting       | 3 4 6 7 8 9 10 11 | 11.4
Dodging        | 3 5 6 7 8 9 10 11 | 11.7
Unarmed Combat | 4 6 8 10 12 13 15 17 18 | 18.5
Stealth        | 1 2 |  2.0
Armour         | 4 6 7 |  7.1
Evocations     | 1 |  1.0

Action                     |  1- 3 |  4- 6 |  7- 9 | 10-12 || total
---------------------------+-------+-------+-------+-------++-------
  Melee: Unarmed           |    18 |    22 |    33 |    48 ||   121
         Punch             |     1 |     3 |     1 |     5 ||    10
  Throw: Stone             |       |       |     1 |       ||     1
 Invoke: Berserk           |     1 |     1 |     3 |       ||     5
         Brothers in Arms  |       |       |       |     1 ||     1
  Evoke: Wand              |     1 |       |     1 |       ||     2
   Stab: Sleeping          |       |     1 |       |       ||     1
 Armour: Animal skin       |     1 |     1 |     4 |       ||     6
         Troll leather arm |       |       |    10 |    17 ||    27
  Dodge: Dodged            |     4 |     8 |    15 |    25 ||    52

Table legend: (Time is in decaauts)
 A = Elapsed time spent in this place.
 B = Non-inter-level travel time spent in this place.
 C = Inter-level travel time spent in this place.
 D = Time resting spent in this place.
 E = Time spent auto-exploring this place.
 F = Levels seen in this place.
 G = Mean time per level.
                   A        B        C        D        E       F      G
               +--------+--------+--------+--------+--------+-----+--------+
         Total |    992 |    970 |     22 |    174 |    196 |   1 |  992.0 |
       Dungeon |    992 |    970 |     22 |    174 |    196 |   1 |  992.0 |
               +--------+--------+--------+--------+--------+-----+--------+

Top non-repeatable levels by time:
       D: 992 daAuts
